 Dungeon Crawl Stone Soup version 0.30-a0-576-g89cddaab80 (webtiles) character file.

Game seed: 13166351624100089493

9930 Newt the Basher (level 11, -5/77 HPs)
             Began as a Demonspawn Gladiator on Dec 30, 2022.
             Was a Priest of Hepliaklqana.
             Slain by a centaur warrior simulacrum (26 damage)
             ... on level 10 of the Dungeon.
             The game lasted 00:11:02 (9878 turns).

Newt the Basher (Demonspawn Gladiator)              Turns: 9878, Time: 00:11:03

Health: -5/77      AC: 10    Str: 22    XL:     11   Next: 29%
Magic:  14/14      EV: 16    Int:  9    God:    Hepliaklqana [***...]
Gold:   635        SH:  0    Dex: 24    Spells: 10/10 levels left

rFire   . . .      SeeInvis .    D - +8 whip of the Dungeon {heavy, Dex+4 Stlth+}
rCold   . . .      Faith    .    (no shield)
rNeg    . . .      Spirit   .    M - +0 steam dragon scales
rPois   .          Reflect  .    (helmet unavailable)
rElec   +          Harm     .    i - +0 cloak
rCorr   .          Rampage  .    (no gloves)
Will    +....      NoCast   +    E - +1 pair of boots "Doekogh" {-Cast rElec Str+2}
Stlth   ++++                     t - amulet of magic regeneration
HPRegen 0.32/turn                h - +6 ring of dexterity
MPRegen 0.54/turn                B - ring of willpower

@: no status effects
A: reduced essence, horns 3, powered by death 2, spiny 2
a: Renounce Religion, Recall Ancestor, Ancestor Identity, Transference


You were on level 10 of the Dungeon.
You worshipped Hepliaklqana.
Hepliaklqana was most pleased with you.
You visited 2 branches of the dungeon, and saw 11 of its levels.
You also visited: Sewer.

You collected 635 gold pieces.

Inventory:

Hand Weapons
 a - a +1 rapier
 j - the +4 hand axe "Lorem Ipsum" {distort, Fly rC+ Dex+4 SInv}
   (You found it on level 2 of the Dungeon)

   It warps and distorts space around it, and may blink, banish, or inflict
   extra damage upon those it strikes.
   Unwielding it can cause banishment or teleport you to foes.
   Dex:       It affects your dexterity (+4).
   rC:        It protects you from cold.
   SInv:      It lets you see invisible.
   Fly:       It grants you flight.
 D - the +8 whip of the Dungeon (weapon) {heavy, Dex+4 Stlth+}
   (You found it on level 4 of the Dungeon)

   It deals dramatically more damage, but attacks with it are much slower.
   Dex:       It affects your dexterity (+4).
   Stlth:     It makes you more stealthy.
Missiles
 d - 3 throwing nets (quivered)
 e - a javelin
 o - 20 poisoned darts
 y - 3 curare-tipped darts
Armour
 b - a +0 leather armour
 c - a +0 helmet
 i - a +0 cloak (worn)
 E - the +1 pair of boots "Doekogh" (worn) {-Cast rElec Str+2}
   (You acquired it on level 9 of the Dungeon)

   Str:       It affects your strength (+2).
   rElec:     It insulates you from electricity.
   -Cast:     It prevents spellcasting.
 M - +0 steam dragon scales (worn)
Jewellery
 h - a +6 ring of dexterity (left hand)
 t - an amulet of magic regeneration (around neck)
 B - a ring of willpower (right hand)
 G - a ring of positive energy
Wands
 w - a wand of flame (18)
 N - a wand of digging (6)
 O - a wand of iceblast (5)
 P - a wand of quicksilver (4)
Scrolls
 g - 3 scrolls of blinking
 k - 3 scrolls of noise
 n - a scroll of enchant weapon
 p - a scroll of enchant armour
 r - 3 scrolls of fear
 s - 2 scrolls of vulnerability
 u - 3 scrolls of teleportation
 C - 5 scrolls of magic mapping
 F - a scroll of immolation
 Q - a scroll of fog {unknown}
Potions
 f - 2 potions of heal wounds
 l - 3 potions of haste
 m - 2 potions of degeneration
 q - 10 potions of curing
 v - a potion of might
 x - 2 potions of invisibility {unknown}
 z - a potion of magic {unknown}
 A - 2 potions of berserk rage {unknown}
 H - 2 potions of mutation {unknown}
 I - a potion of brilliance {unknown}
 J - 2 potions of lignification
 K - a potion of cancellation
 L - a potion of flight
 R - a potion of ambrosia {unknown}


   Skills:
 - Level 8.0 Fighting
 - Level 2.6 Short Blades
 - Level 4.0(6.7) Axes
 + Level 8.5(8.9) Maces & Flails
 - Level 3.0 Throwing
 - Level 8.0 Armour
 - Level 5.0 Dodging
 - Level 2.0 Stealth
 - Level 5.0 Invocations
 - Level 5.0 Evocations


You had 10 spell levels left.
You didn't know any spells.
Your spell library contained the following spells:

 Spells                   Type           Power      Damage    Failure   Level
 Sandblast                Erth           0%         2d4       38%         1
 Sting                    Tmut/Pois      0%         1d3       38%         1
 Blink                    Tloc           0%         N/A       52%         2
 Cigotuvi's Dreadful Rot  Necr/Pois/Air  0%         N/A       52%         2
 Momentum Strike          Conj/Tloc      0%         3d8       52%         2
 Passwall                 Tmut/Erth      0%         N/A       52%         2
 Sublimation of Blood     Necr           0%         N/A       52%         2
 Lesser Beckoning         Tloc           0%         N/A       77%         3
 Mephitic Cloud           Conj/Pois/Air  0%         N/A       77%         3
 Spider Form              Tmut/Pois      0%         N/A       77%         3
 Stone Arrow              Conj/Erth      0%         3d7       77%         3
 Dispel Undead            Necr           0%         3d6       99%         4
 Flame Wave               Conj/Fire      0%         2d4       99%         4
 Petrify                  Tmut/Erth      0%         N/A       99%         4
 Irradiate                Conj/Tmut      0%         3d11      100%        5
 Death Channel            Necr           0%         N/A       100%        6


Dungeon Overview and Level Annotations

Branches:
Dungeon (10/15)            Temple (1/1) D:5           Sewer (visited)
   Lair: D:8-11         Orc: D:9-12

Altars:
Ashenzari
Cheibriados
Dithmenos
Fedhas
Gozag
Hepliaklqana
Kikubaaqudgha
Makhleb
Nemelex Xobeh
Okawaru
Qazlal
Ru
Sif Muna
Trog
Uskayaw
Vehumet
Wu Jian
Xom
Yredelemnul
Jiyva

Annotations:
D:9 2 transporters


Innate Abilities, Weirdness & Mutations

Your life essence is reduced to manifest your ancestor. (-10% HP)
You have a pair of large horns on your head.
You regenerate health from kills.
You are mostly covered in sharp spines.


Message History

The ice beast is moderately wounded.
The ice beast misses you. The ice beast attacks as you move away!
The ice beast hits you. The ice beast freezes you!
The centaur warrior simulacrum attacks as you move away!
The centaur warrior simulacrum is struck by your spines.
The centaur warrior simulacrum hits you but does no damage.
The centaur warrior simulacrum barely misses you.
The death yak attacks as you move away! The death yak is struck by your spines.
The death yak closely misses you.
You hit the death yak. Your headbutt misses the death yak.
The death yak is lightly wounded.
The death yak gores you!
You whack the death yak!
The death yak is moderately wounded.
The death yak misses you.
You whack the death yak!
The death yak is heavily wounded.
The death yak gores you.
You whack the death yak! Your headbutt misses the death yak.
The death yak is heavily wounded.
The death yak barely misses you.
You whack the death yak!
The death yak is severely wounded.
The death yak is struck by your spines.
The death yak gores you but does no damage.
You hit the death yak.
The death yak is severely wounded.
The death yak is struck by your spines. The death yak gores you!
You whack the death yak!
The death yak is almost dead.
The death yak gores you!
You whack the death yak!
You kill the death yak!
You whack the centaur warrior simulacrum!
The centaur warrior simulacrum is heavily damaged.
The centaur warrior simulacrum hits you.
* * * LOW HITPOINT WARNING * * *
The centaur warrior simulacrum freezes you!!
You die...

# # # #####
##...###
##......##
#..@..#..#
#.#Z####.## #
#Y..##..#
#.).§.##.#
#..§.§..#.#
##.§...##.####
#.§§.##.....#
###########.#
#.#####.#######


You could see an ice beast and a centaur warrior simulacrum.

Vanquished Creatures
  A two-headed ogre (D:8)
  2 death yaks (D:10)
  Maggie (D:10)
  2 polar bears (D:10)
  Grinder (Sewer)
  A shadow (D:10)
  A wraith (D:9)
  A centaur simulacrum (D:10)
  6 yaks
  3 steam dragons
  3 ice beasts
  3 orc warriors
  A black bear (D:6)
  A sky beast (D:7)
  2 wolves (D:10)
  An ogre (D:5)
  A centaur (D:9)
  2 phantoms
  5 kobold brigands
  2 scorpions
  4 bullfrogs
  A wight (Sewer)
  2 killer bees (D:9)
  2 electric eels (D:10)
  3 howler monkeys (D:10)
  2 hounds (D:4)
  2 jellies (D:7)
  3 orc priests (D:9)
  Ijyb (D:3)
  2 hexers
  6 iguanas
  11 orc wizards
  2 hound zombies (D:5)
  6 gnolls
  3 adders
  5 shadow imps
  5 white imps
  4 ufetubi (Sewer)
  An adder zombie (Sewer)
  3 worms
  28 orcs
  11 bats
  10 endoplasms
  2 giant cockroaches (Sewer)
  7 goblins
  3 hobgoblins (D:3)
  36 kobolds
  5 quokkas
  3 ball pythons
  A frilled lizard (D:1)
  A giant cockroach zombie (Sewer)
  A kobold zombie (Sewer)
  4 rats
220 creatures vanquished.

Vanquished Creatures (collateral kills)
  Erica (D:10)
  The ghost of Taurus the Cleaver, a novice MiFi of the Shining One (D:5)
  A cyclops (D:9)
  A yak (D:9)
  A vampire (D:9)
  3 orc warriors (D:9)
  A bullfrog (D:9)
  A necrophage (D:7)
  A scorpion (D:7)
  2 killer bees (D:9)
  An orc priest (D:9)
  2 orc wizards
  3 orcs
19 creatures vanquished.

Vanquished Creatures (others)
  A hexer (D:10)
  2 orcs (D:9)
  13 fungi (D:8)
16 creatures vanquished.

Grand Total: 255 creatures vanquished

Notes
Turn   | Place    | Note
-------+----------+-------------------------------------------
     0 | D:1      | Newt the Demonspawn Gladiator began the quest for the Orb.
     0 | D:1      | Reached XP level 1. HP: 16/16 MP: 1/1
    74 | D:1      | Reached skill level 1 in Stealth
   200 | D:1      | Gained mutation: You have a pair of small horns on your
                  | head. [demonic ancestry]
   200 | D:1      | Reached XP level 2. HP: 16/22 MP: 2/2
   506 | D:1      | Found a faded altar of an unknown god.
  1203 | D:2      | Identified the +4 hand axe "Lorem Ipsum" {distort, Fly rC+
                  | Dex+4 SInv}
  1515 | D:2      | Gained mutation: You have a pair of horns on your head.
                  | [demonic ancestry]
  1515 | D:2      | Reached XP level 3. HP: 27/27 MP: 3/3
  2137 | D:3      | Noticed a kobold brigand
  2142 | D:3      | Killed a kobold brigand
  2143 | D:3      | Gained mutation: You have a pair of large horns on your
                  | head. [demonic ancestry]
  2143 | D:3      | Reached XP level 4. HP: 20/33 MP: 4/4
  2397 | D:3      | Found an ancient bone altar of Kikubaaqudgha.
  2397 | D:3      | Noticed Ijyb
  2401 | D:3      | Killed Ijyb
  2402 | D:3      | Reached XP level 5. HP: 34/38 MP: 5/5
  2678 | D:4      | Found a glowing drain.
  2700 | Sewer    | Entered a sewer
  2821 | Sewer    | Found an ancient bone altar of Kikubaaqudgha.
  2828 | Sewer    | Gained mutation: You are partially covered in sharp spines.
                  | [demonic ancestry]
  2828 | Sewer    | Reached XP level 6. HP: 35/46 MP: 6/6
  2870 | Sewer    | Noticed Grinder
  2875 | Sewer    | Paralysed by Grinder for 5 turns
  2888 | Sewer    | Paralysed by Grinder for 4 turns
  2894 | Sewer    | Killed Grinder
  2895 | Sewer    | Reached skill level 1 in Armour
  3010 | Sewer    | Gained mutation: You are mostly covered in sharp spines.
                  | [demonic ancestry]
  3010 | Sewer    | Reached XP level 7. HP: 12/54 MP: 7/7
  4111 | D:4      | Identified the +8 whip of the Dungeon {heavy, Dex+4 Stlth+}
  4320 | D:5      | Entered Level 5 of the Dungeon
  4329 | D:4      | Reached skill level 1 in Maces & Flails
  4785 | D:5      | Found a staircase to the Ecumenical Temple.
  5240 | Temple   | Entered the Ecumenical Temple
  5407 | Temple   | Became a worshipper of Hepliaklqana the Forgotten
  5484 | D:5      | Reached XP level 8. HP: 60/60 MP: 8/8
  5673 | D:5      | Found a runed translucent gate.
  5673 | D:5      | Found a runed translucent gate.
  5673 | D:5      | Found a runed translucent gate.
  5673 | D:5      | Noticed Taurus's ghost (novice MiFi)
  5675 | D:5      | Found a basalt altar of Yredelemnul.
  5839 | D:5      | Reached * piety under Hepliaklqana
  6029 | D:5      | Got Sif Muna's Guidebook on Calefaction and Toxins
  6202 | D:5      | Killed Taurus's ghost
  6410 | D:6      | Found a shadowy altar of Dithmenos.
  6504 | D:6      | Found a burning altar of Makhleb.
  6504 | D:6      | Found a snail-covered altar of Cheibriados.
  6622 | D:6      | Reached XP level 9. HP: 49/58 MP: 9/9
  7000 | D:7      | Reached skill level 5 in Fighting
  7267 | D:7      | Found a broken altar of Ashenzari.
  7323 | D:7      | Reached ** piety under Hepliaklqana
  7326 | D:7      | Remembered your ancestor Impisi as a hexer
  7514 | D:7      | Reached skill level 5 in Armour
  7728 | D:7      | Found a bloodstained altar of Trog.
  8078 | D:8      | Noticed a two-headed ogre
  8083 | D:8      | Killed a two-headed ogre
  8084 | D:8      | Reached skill level 5 in Invocations
  8084 | D:8      | Reached skill level 1 in Evocations
  8252 | D:8      | Gained mutation: You regenerate a little health from kills.
                  | [demonic ancestry]
  8252 | D:8      | Reached XP level 10. HP: 68/68 MP: 13/13
  8488 | D:9      | Noticed a cyclops
  8499 | D:9      | Killed a cyclops
  8500 | D:9      | Reached skill level 5 in Evocations
  8585 | D:9      | Identified a scroll of acquirement
  8585 | D:9      | Acquired the +1 pair of boots "Doekogh" {-Cast rElec Str+2}
  8607 | D:9      | Found a blossoming altar of Fedhas.
  8628 | D:9      | Reached skill level 5 in Dodging
  8665 | D:9      | Found an iron altar of Okawaru.
  8714 | D:9      | Found a viscous altar of Jiyva.
  8717 | D:9      | Noticed a glowing orange brain
  8771 | D:9      | Found a transporter.
  9047 | D:9      | Found a transporter.
  9140 | D:10     | Entered Level 10 of the Dungeon
  9147 | D:10     | Noticed a death yak
  9155 | D:10     | Killed a death yak
  9155 | D:10     | Noticed Maggie
  9167 | D:10     | Killed Maggie
  9182 | D:10     | Gained mutation: You regenerate health from kills. [demonic
                  | ancestry]
  9182 | D:10     | Reached XP level 11. HP: 39/75 MP: 14/14
  9614 | D:10     | Reached *** piety under Hepliaklqana
  9860 | D:10     | Noticed a death yak
  9860 | D:10     | Noticed Erica
  9865 | D:10     | Killed Erica
  9877 | D:10     | Killed a death yak
  9878 | D:10     | Slain by a centaur warrior simulacrum

Illustrated notes

Levels and vault maps discovered:
D:1:      wander_arrival_peaceful_grave, layout_loops_corners, serial_glass,
          glass_columns_c, glass_columns_b, hellmonk_ecumenical_altar_zigzags
D:2:      layout_basic
D:3:      cheibrodos_thug_alley, layout_rooms,
          nicolae_kikubaaqudgha_miasma_corner, uniq_ijyb
D:4:      layout_gridville, cheibrodos_sewer_entry_bend, minmay_fountain_box,
          minmay_misc_feat_roman
D:5:      layout_layer_cave, nicolae_yredelemnul_ghost_church,
          minmay_temple_entry_glass
D:6:      layout_basic, grunt_dithmenos_shadows,
          chequers_temple_overflow_statue_of_worship
D:7:      layout_loops_corners, general_overflow_altar, kennysheep_mini
D:8:      old_forge, layout_basic, uniq_psyche, uniq_maurice
D:9:      gammafunk_jiyva_shrine, layout_rooms,
          mainiacjoe_overflow_large_starburst
D:10:     layout_loops_cross, mainiacjoe_overflow_paths, serial_ice,
          serial_ice_n, serial_ice_i, serial_ice_f, serial_ice_g, serial_ice_c,
          serial_ice_h, uniq_maggie, uniq_erica
Temple:   hellmonk_temple_forest_ring

Skill      XL: |  1  2  3  4  5  6  7  8  9 10 11 |
---------------+----------------------------------+-----
Stealth        | 1 2 |  2.0
Throwing       | 2 3 |  3.0
Axes           | 2 3 4 |  4.0
Fighting       | 4 6 7 8 |  8.0
Armour         | 2 4 6 8 |  8.0
Maces & Flails | 3 7 8 |  8.5
Invocations    | 5 |  5.0
Evocations     | 3 5 |  5.0
Dodging        | 5 |  5.0
Short Blades   | |  2.6

Action                   |  1- 3 |  4- 6 |  7- 9 | 10-12 || total
-------------------------+-------+-------+-------+-------++-------
Melee: Rapier            |    63 |       |       |       ||    63
       Hand axe          |    30 |    58 |    20 |       ||   108
       Headbutt          |     7 |     4 |    40 |    23 ||    74
       Punch             |       |     3 |     5 |     1 ||     9
       Whip              |       |       |   129 |   131 ||   260
Throw: Throwing net      |       |     2 |       |       ||     2
       Dart              |       |     1 |       |       ||     1
Invok: Ancestor Life: He |       |       |     1 |       ||     1
  Use: Scroll            |     7 |     4 |     2 |     6 ||    19
       Potion            |       |       |     3 |     1 ||     4
 Stab: Sleeping          |     6 |     4 |    12 |     4 ||    26
       Distracted        |     1 |       |     1 |     4 ||     6
       Confused          |       |       |     1 |     4 ||     5
Armor: Leather armour    |    24 |    14 |    15 |       ||    53
       Steam dragon scal |       |       |       |    27 ||    27
Dodge: Dodged            |    63 |    26 |    95 |    76 ||   260

Table legend: (Time is in decaauts)
 A = Elapsed time spent in this place.
 B = Non-inter-level travel time spent in this place.
 C = Inter-level travel time spent in this place.
 D = Time resting spent in this place.
 E = Time spent auto-exploring this place.
 F = Levels seen in this place.
 G = Mean time per level.
                   A        B        C        D        E       F      G
               +--------+--------+--------+--------+--------+-----+--------+
         Total |   9902 |   9442 |    460 |   1278 |   6809 |  12 |  825.2 |
       Dungeon |   8940 |   8502 |    438 |    953 |   6367 |  10 |  894.0 |
        Temple |    173 |    151 |     22 |      0 |    140 |   1 |  173.0 |
         Sewer |    788 |    788 |      0 |    325 |    302 |   1 |  788.0 |
               +--------+--------+--------+--------+--------+-----+--------+

Top non-repeatable levels by time:
     D:5: 1387 daAuts
     D:4: 1314 daAuts
     D:2: 1095 daAuts
     D:7: 1069 daAuts
     D:1: 920 daAuts
   Sewer: 788 daAuts
    D:10: 738 daAuts
     D:3: 676 daAuts
     D:9: 676 daAuts
     D:6: 644 daAuts
     D:8: 417 daAuts
  Temple: 173 daAuts
